 Dungeon Crawl Stone Soup version 0.23.2-30-g0e89c35649 (webtiles) character file.

Game seed: 5050280401957613419

462 sankara the Poker (level 6, -12/51 HPs)
             Began as a Minotaur Fighter on June 15, 2019.
             Was a Follower of Fedhas.
             Mangled by an orc warrior
             ... wielding a +0 dire flail
              (15 damage)
             ... on level 4 of the Dungeon.
             The game lasted 00:07:50 (2526 turns).

sankara the Poker (Minotaur Fighter)                Turns: 2526, Time: 00:07:51

Health: -12/51     AC:  8    Str: 22    XL:     6   Next: 79%
Magic:  5/5        EV:  7    Int:  5    God:    Fedhas [*.....]
Gold:   168        SH: 10    Dex: 10    Spells: 5/5 levels left

rFire    . . .     SeeInvis .   a - +0 trident
rCold    . . .     Gourm    .   c - +0 shield
rNeg     . . .     Faith    .   b - +0 scale mail
rPois    .         Spirit   .   (helmet restricted)
rElec    .         Reflect  .   j - +0 cloak
rCorr    .         Harm     .   (no gloves)
MR       .....                  (no boots)
Stlth    ..........             h - amulet of the acrobat (curse)
HPRegen  0.17/turn              (no ring)
MPRegen  0.09/turn              (no ring)

@: no status effects
A: retaliatory headbutt, horns 2
a: Fungal Bloom, Sunlight, Renounce Religion


You were on level 4 of the Dungeon.
You worshipped Fedhas.
Fedhas was aware of your devotion.
You were not hungry.

You visited 1 branch of the dungeon, and saw 4 of its levels.

You collected 168 gold pieces.

Inventory:

Hand Weapons
 a - a +0 trident (weapon)
Missiles
 m - 5 javelins (quivered)
Armour
 b - a +0 scale mail (worn)
 c - a +0 shield (worn)
 j - a +0 cloak (worn)
   (You found it on level 1 of the Dungeon)
Jewellery
 h - a cursed amulet of the acrobat (around neck)
   (You found it on level 1 of the Dungeon)
Scrolls
 e - a scroll of remove curse {unknown}
 k - 6 scrolls of identify {unknown}
 n - a scroll of random uselessness {unknown}
 p - a scroll of teleportation {unknown}
 r - a scroll of enchant armour {unknown}
Potions
 d - a potion of might
 g - a potion of cancellation {unknown}
 i - a potion of brilliance {unknown}
 l - 3 potions of curing {unknown}
 o - a potion of flight {unknown}
 q - 2 potions of haste {unknown}
Comestibles
 f - 5 rations


   Skills:
 - Level 3.6 Fighting
 * Level 6.5 Polearms
 + Level 5.6 Armour
 + Level 5.5 Shields


You had 5 spell levels left.
You didn't know any spells.
Your spell library was empty.

Dungeon Overview and Level Annotations

Branches:
Dungeon (4/15)
 Temple: D:4-7

Altars:
Fedhas


Innate Abilities, Weirdness & Mutations

You reflexively headbutt those who attack you in melee.
You have a pair of horns on your head.


Message History

You butcher the frilled lizard corpse.
s - a chunk of flesh {@w0} You see here a frilled lizard skeleton.
Eating a chunk of flesh {@w0}.
You eat the chunk of flesh {@w0}.
This raw flesh tastes terrible.
Done exploring.
Done exploring.
(D) Dungeon
Where to? (Enter - D:2 @ (x,y), ? - help)
There is a stone staircase leading down here.
You climb downwards.
There is a stone staircase leading up here.
f - 5 rations (gained 1)
You open the door.
There is an open door here.
A giant cockroach and an orc come into view.
The orc shouts!
You hear a shout!
An orc warrior comes into view. It is wielding a +0 dire flail.
You hear a shout!
You hit the giant cockroach.
Your headbutt misses the giant cockroach.
The giant cockroach is moderately wounded.
The giant cockroach closely misses you.
You hit the giant cockroach but do no damage.
Your headbutt misses the giant cockroach.
The giant cockroach is moderately wounded.
The giant cockroach barely misses you.
A frilled lizard comes into view.
The giant cockroach bites you but does no damage.
You closely miss the giant cockroach.
The frilled lizard hisses angrily.
You headbutt the giant cockroach.
You kill the giant cockroach!
Attack whom?
Press: ? - help, Dir - move target cursor, f - orc warrior
Aim: an orc warrior, wielding a +0 dire flail and wearing a +0 plate armour You reach to attack!
You hit the orc warrior but do no damage.
You closely miss the orc warrior.
You hit the orc warrior but do no damage.
Your headbutt misses the orc warrior. You block the orc warrior's attack.
You closely miss the orc warrior. Your headbutt misses the orc warrior.
You block the orc's attack. You block the orc warrior's attack.
You hit the orc.
The orc is heavily wounded.
The orc hits you but does no damage.
You hit the orc. You headbutt the orc, but do no damage.
The orc is heavily wounded.
You block the orc's attack.
You barely miss the orc. You headbutt the orc.
You kill the orc!
Some toadstools grow from a nearby corpse.
Fedhas appreciates your contribution to the ecosystem.
The frilled lizard barely misses you.
You hit the frilled lizard.
You kill the frilled lizard!
You hit the orc warrior. You headbutt the orc warrior.
The orc warrior is moderately wounded.
You hit the orc warrior but do no damage.
Your headbutt misses the orc warrior.
The orc warrior is moderately wounded.
The orc warrior hits you with a +0 dire flail!
You are too injured to fight recklessly!
You are too injured to fight recklessly!
You are too injured to fight recklessly!
You are too injured to fight recklessly!
You puncture the orc warrior!
You headbutt the orc warrior, but do no damage.
The orc warrior is severely wounded.
You block the orc warrior's attack.
You hit the orc warrior but do no damage.
You headbutt the orc warrior.
The orc warrior is severely wounded.
You block the orc warrior's attack.
You completely miss the orc warrior. Your headbutt misses the orc warrior.
The orc warrior is severely wounded.
The orc warrior hits you with a +0 dire flail!
Something hits the toadstool.
The toadstool is destroyed!
You barely miss the orc warrior.
The orc warrior is severely wounded.
You block the orc warrior's attack.
An orc comes into view. It is wielding a +0 hand axe.
You barely miss the orc warrior.
The orc warrior is severely wounded.
The orc shouts!
You block the orc warrior's attack.
You hit the orc warrior but do no damage.
Your headbutt misses the orc warrior.
The orc warrior is severely wounded.
The orc warrior hits you with a +0 dire flail!
* * * LOW HITPOINT WARNING * * *
You closely miss the orc warrior. You headbutt the orc warrior.
The orc warrior is almost dead.
The orc warrior hits you but does no damage.
You hit the orc warrior but do no damage.
The orc warrior is almost dead.
The orc warrior hits you with a +0 dire flail!
You die...
Fedhas appreciates your contribution to the ecosystem.

#.# .# #.# .# #.# .#
#.# .# #.# ##### .# #
#.# #...# .#
#.#.###...#####.#.###.
#..<......'@oo.P......
#######...#####.#.###.
#...# .# #...# .#
#...# .. #.... ##
#..... #......


You could see an orc warrior and an orc.

Vanquished Creatures
  Sigmund (D:2)
  A centaur (D:2)
  Jessica (D:2)
  Natasha (thrice) (D:3)
  A gnoll (D:1)
  5 adders
  3 oozes
  2 worms (D:3)
  A dart slug (D:1)
  An orc (D:4)
  2 giant cockroaches
  8 goblins
  4 hobgoblins
  2 jackals (D:1)
  A ball python (D:1)
  11 bats
  4 frilled lizards
  4 kobolds
  10 rats
65 creatures vanquished.

Vanquished Creatures (others)
  16 toadstools
16 creatures vanquished.

Grand Total: 81 creatures vanquished

Notes
Turn   | Place    | Note
-------+----------+-------------------------------------------
     0 | D:1      | sankara the Minotaur Fighter began the quest for the Orb.
     0 | D:1      | Reached XP level 1. HP: 19/19 MP: 0/0
   233 | D:1      | Reached skill level 3 in Polearms
   233 | D:1      | Reached XP level 2. HP: 19/26 MP: 1/1
   718 | D:1      | Reached skill level 4 in Armour
   718 | D:1      | Reached skill level 4 in Shields
   718 | D:1      | Reached XP level 3. HP: 31/31 MP: 2/2
  1146 | D:2      | Noticed Jessica
  1150 | D:2      | Killed Jessica
  1150 | D:2      | Reached skill level 4 in Polearms
  1150 | D:2      | Reached XP level 4. HP: 39/39 MP: 3/3
  1185 | D:2      | Noticed Sigmund
  1192 | D:2      | Killed Sigmund
  1192 | D:2      | Reached skill level 5 in Polearms
  1192 | D:2      | Reached skill level 5 in Armour
  1192 | D:2      | Reached skill level 5 in Shields
  1192 | D:2      | Reached XP level 5. HP: 33/45 MP: 4/4
  1411 | D:2      | Noticed a centaur
  1413 | D:2      | Killed a centaur
  1413 | D:2      | Reached skill level 6 in Polearms
  1413 | D:2      | Reached XP level 6. HP: 45/51 MP: 5/5
  1467 | D:2      | Found a faded altar of an unknown god.
  1478 | D:2      | Became a worshipper of Fedhas Madash
  1478 | D:2      | Reached * piety under Fedhas
  1834 | D:3      | Noticed Natasha
  1836 | D:3      | Killed Natasha
  1958 | D:3      | Noticed Natasha
  1963 | D:3      | Killed Natasha
  2117 | D:3      | Noticed Natasha
  2122 | D:3      | Killed Natasha
  2501 | D:4      | Noticed an orc warrior
  2524 | D:4      | HP: 2/51 [orc warrior/+0 dire flail (17)]
  2526 | D:4      | Mangled by an orc warrior

Skill      XL: |  1  2  3  4  5 |
---------------+----------------+-----
Polearms       | 3 4 5 6 |  6.5
Armour         | 4 5 |  5.6
Shields        | 4 5 |  5.5
Fighting       | |  3.6

Action                   |  1- 3 |  4- 6 || total
-------------------------+-------+-------++-------
Melee: Trident           |    78 |   100 ||   178
       Headbutt          |     5 |    22 ||    27
Throw: Javelin           |       |     4 ||     4
Invok: Fungal Bloom      |       |    11 ||    11
  Eat: Chunk             |     1 |     4 ||     5
Armor: Scale mail        |    25 |    16 ||    41
Dodge: Dodged            |    21 |    17 ||    38
Block: Shield            |    34 |    31 ||    65

Levels and vault maps discovered:
D:1:      eino_arrival_tree_alley, layout_basic, serial_park_tiny_pond,
          minmay_tiny_reverse_x
D:2:      layout_basic, chequers_ecumenical_altar_simple_redux, uniq_jessica,
          uniq_sigmund
D:3:      layout_basic, serial_glass, glass_columns_b, glass_columns_c,
          glass_columns_c, glass_columns_c, glass_columns_a, glass_columns_c,
          item_on_display_a, feat_on_display, item_on_display_a, uniq_natasha
D:4:      layout_basic, first_ration, minivault_27

Table legend:
 A = Turns spent in this place as a percentage of turns spent in the entire game.
 B = Non-inter-level travel turns spent in this place as a percentage of non-inter-level travel turns spent in the entire game.
 C = Inter-level travel turns spent in this place as a percentage of turns spent in this place.
 D = Turns resting spent in this place as a percentage of non-inter-level travel turns spent in this place.
 E = Turns spent auto-exploring this place as a percentage of non-inter-level travel turns spent in this place.
 F = Non-inter-level travel turns spent in this place divided by the number of levels of this place that you've seen.
                   A       B       C       D       E      F
               +-------+-------+-------+-------+-------+----------------------
         Total | 100.0 | 100.0 |   3.2 |   5.7 |  75.5 | 611.2
       Dungeon | 100.0 | 100.0 |   3.2 |   5.7 |  75.5 | 611.2
               +-------+-------+-------+-------+-------+----------------------

Table legend:
 A = Kills in this place as a percentage of kills in entire the game.
 B = Kills by you in this place as a percentage of kills by you in the entire game.
 C = Kills by friends in this place as a percentage of kills by friends in the entire game.
 D = Other kills in this place as a percentage of other kills in the entire game.
 E = Experience gained in this place as a percentage of experience gained in the entire game.
 F = Experience gained in this place divided by the number of levels of this place that you have seen.
                   A       B       C       D       E      F
               +-------+-------+-------+-------+-------+----------------------
         Total | 100.0 | 100.0 |   N/A |   N/A | 100.0 | 165.0
       Dungeon | 100.0 | 100.0 |   N/A |   N/A | 100.0 | 165.0
               +-------+-------+-------+-------+-------+----------------------
